 Dungeon Crawl Stone Soup version 0.17-a0-1360-g37db002 (webtiles) character file.

35 Hanyuu the Grave Robber (level 3, 0/26 HPs)
             Began as a Vampire Necromancer on June 11, 2015.
             Slain by a kobold
             ... wielding a +0 short sword
              (6 damage)
             ... on level 2 of the Dungeon.
             The game lasted 00:05:27 (1159 turns).

Hanyuu the Grave Robber (Vampire Necromancer)       Turns: 1159, Time: 00:05:28

Health: 0/26       AC:  2    Str:  7    XL:     3   Next: 17%
Magic:  1/7        EV: 12    Int: 18    God:
Gold:   23         SH:  0    Dex: 14    Spells: 2 memorised, 6 levels left

rFire  . . .     SeeInvis +     i - +0 whip
rCold  + . .     Clarity  .     a - +0 robe
rNeg   + + .     SustAt   .     (no shield)
rPois  +         Gourm    .     (no helmet)
rElec  .         Spirit   .     (no cloak)
rCorr  .         Warding  .     (no gloves)
rMut   .         Stasis   .     (no boots)
MR     .....                    (no amulet)
Stlth  ++........               (no ring)
                                (no ring)

@: regenerating slowly, not resistant to hostile enchantments, unstealthy
A: fangs 3, see invisible, unbreathing
a: Bat Form


You were on level 2 of the Dungeon.
You were thirsty.

You visited 1 branch of the dungeon, and saw 2 of its levels.

You collected 23 gold pieces.

Inventory:

Hand weapons
 e - a +0 club
 i - a +0 whip (weapon)
Missiles
 g - a throwing net (quivered)
Armour
 a - a +0 robe (worn)
Scrolls
 d - 2 scrolls of blinking
Potions
 c - 5 potions of blood
 f - a potion of flight {unknown}
 h - a potion of heal wounds {unknown}
Books
 b - a book of Necromancy

   Spells                             Type                      Level
   a - Pain                           Necromancy                   1
   b - Animate Skeleton               Necromancy                   1
   c - Vampiric Draining              Necromancy                   3
   d - Regeneration                   Charms/Necromancy            3
   e - Animate Dead                   Necromancy                   4
   f - Control Undead                 Necromancy                   4


   Skills:
 - Level 1.1 Fighting
 - Level 2.1 Dodging
 - Level 3.0 Stealth
 + Level 3.0 Spellcasting
 - Level 4.3 Necromancy


You had 6 spell levels left.
You knew the following spells:

 Your Spells              Type           Power        Failure   Level  Hunger
a - Pain                  Necr           ###.         2%          1    None
b - Animate Skeleton      Necr           N/A          2%          1    None


Dungeon Overview and Level Annotations

Branches:
Dungeon (2/15)

Altars:


Innate Abilities, Weirdness & Mutations

You heal slowly.
You have razor-sharp teeth.
You have supernaturally acute eyesight.
You can survive without breathing.


Message History

The kobold misses you.
You barely miss the kobold. Your bite misses the kobold.
The kobold is severely wounded.
The kobold closely misses you.
You see here a worm corpse.
Casting: Pain
Confirm with . or Enter, or press ? or * to list all spells.
There is nothing here that can be animated!
You completely miss the kobold. Your bite misses the kobold.
The kobold is severely wounded.
The kobold barely misses you.
Casting: Animate Skeleton
Confirm with . or Enter, or press ? or * to list all spells.
Aiming: Pain
Press: ? - help, Shift-Dir - straight line, f - adder
Aim: an adder (chance to defeat MR: 84%)
The adder convulses in agony!
The adder bites you.
* * * LOW HITPOINT WARNING * * *
The kobold hits you with a short sword.
You die...

## #########..
#...^...#.# #.......#.###
###.......#.#..
#.).##'##'#.#.#
#.K@##......#.#
#......S.##......#.#####.
#........##..............
'..........>....##.######
#...............#.....#
#........##.....#.....#
#........##.....#....<#
#........##.....#######
......[#


You could see an adder and a kobold.

Vanquished Creatures
  A worm (D:2)
  A giant gecko (D:1)
  2 bats (D:1)
  5 goblins (D:1)
  5 hobgoblins
  3 kobolds (D:1)
  A rat (D:1)
18 creatures vanquished.

Vanquished Creatures (collateral kills)
  A gnoll (D:1)
  A giant gecko (D:1)
  A rat (D:1)
3 creatures vanquished.

Grand Total: 21 creatures vanquished

Notes
Turn   | Place    | Note
--------------------------------------------------------------
     0 | D:1      | Hanyuu the Vampire Necromancer began the quest for the Orb.
     0 | D:1      | Reached XP level 1. HP: 13/13 MP: 3/3
    10 | D:1      | Learned a level 1 spell: Animate Skeleton
   438 | D:1      | Reached skill level 1 in Fighting
   438 | D:1      | Reached XP level 2. HP: 8/21 MP: 1/5
   924 | D:1      | Reached XP level 3. HP: 11/26 MP: 4/7
  1159 | D:2      | Slain by a kobold

Vault maps used:
D:1:      dpeg_arrival_central, tso_altar
D:2:      makhleb_heckhound_becter, serial_corexii_hall, corexii_hall_statues_i,
          corexii_hall_statues_u, corexii_hall_statues_l

Action                   || total
-------------------------++-------
Melee: Club              ||    20
       Unarmed           ||     2
       Whip              ||    30
 Cast: Pain              ||    17
       Animate Skeleton  ||     7
  Use: Scroll            ||     1
 Stab: Sleeping          ||     1
